[Event "Team 45 45 League T55"]
[Site "Internet Chess Club"]
[Date "2012.12.08"]
[Round "4"]
[White "LazyPeon"]
[Black "fireball"]
[Result "0-1"]
[WhiteElo "1799"]
[BlackElo "1782"]
[Opening "Budapest: Adler variation"]
[ECO "A52"]
[Time "09:05:42"]
[TimeControl "2700+45"]

1. d4 Nf6 2. c4 e5 3. dxe5 Ng4 4. Nf3 Bc5 5. e3 Nc6 6. Nc3 Ngxe5 7. Nxe5 Nxe5 8.
Be2 O-O 9. O-O d6 10. b3 f5 11. Bb2 Be6 12. Na4 Bb6 13. c5 Ba5 14. Qd4 Qe7 15.
b4 Nc6 16. Qxg7+ Qxg7 17. Bxg7 Kxg7 18. bxa5 Nxa5 19. cxd6 cxd6 20. Rfd1 Rad8
21. Nc3 a6 22. Nd5 Nc6 23. Rac1 Bxd5 24. Rxd5 Nb4 25. Rd2 a5 26. a3 Nc6 27. Bf3
Rc8 28. Rxd6 Rf6 29. Rd7+ Rf7 30. Rxf7+ Kxf7 31. Bxc6 Rxc6 32. Rxc6 bxc6 33. Kf1
Ke6 34. Ke2 Kd5 35. Kd3 h5 36. f3 c5 37. e4+ fxe4+ 38. fxe4+ Ke5 39. Kc4 Kxe4
40. Kxc5 Ke3 41. h3 h4 42. Kb5 Kf2 {White resigns} 0-1

[Event "Team 45 45 League T55"]
[Site "Internet Chess Club"]
[Date "2012.12.08"]
[Round "4"]
[White "seikster"]
[Black "TerryMalloy"]
[Result "0-1"]
[WhiteElo "1854"]
[BlackElo "2055"]
[Opening "Sicilian: Najdorf, Adams attack"]
[ECO "B90"]
[Time "17:05:34"]
[TimeControl "2700+45"]

1. e4 c5 2. Nf3 d6 3. d4 cxd4 4. Nxd4 Nf6 5. Nc3 a6 6. h3 e5 7. Nde2 b5 8. g4 b4
9. Nd5 Nxd5 10. Qxd5 Ra7 11. Be3 Be6 12. Qd3 Rd7 13. f4 d5 14. Bg2 d4 15. Bf2 f6
16. O-O Be7 17. Ng3 O-O 18. fxe5 fxe5 19. Nf5 Qc7 20. b3 Rc8 21. Rac1 Bg5 22.
Bh4 Bxc1 23. Rxc1 g6 24. Qd2 Nc6 25. Nh6+ Kg7 26. Qg5 Qd8 {White resigns} 0-1

[Event "Team 45 45 League T55"]
[Site "Internet Chess Club"]
[Date "2012.12.08"]
[Round "4"]
[White "Buford-Julep"]
[Black "LittleButton"]
[Result "1/2-1/2"]
[WhiteElo "1681"]
[BlackElo "1735"]
[Opening "Sicilian: Alapin's variation (2.c3)"]
[ECO "B22"]
[Time "09:15:03"]
[TimeControl "2700+45"]

1. e4 c5 2. c3 Nf6 3. e5 Nd5 4. g3 e6 5. Bg2 d6 6. exd6 Bxd6 7. Nf3 O-O 8. O-O
Nd7 9. d4 cxd4 10. Qxd4 Bc5 11. Qc4 Qc7 12. Nbd2 N7b6 13. Qe2 Bd7 14. Ne5 Be8
15. Nb3 Bd6 16. Re1 Nd7 17. c4 Nb4 18. Bf4 Nxe5 19. Bxe5 Bxe5 20. Qxe5 Qxe5 21.
Rxe5 Bc6 {Game drawn by mutual agreement} 1/2-1/2

[Event "Team 45 45 League T55"]
[Site "Internet Chess Club"]
[Date "2012.12.09"]
[Round "4"]
[White "SugarIslander"]
[Black "bondguy01"]
[Result "1-0"]
[WhiteElo "1667"]
[BlackElo "1666"]
[Opening "Nimzo-Indian: Sämisch variation"]
[ECO "E24"]
[Time "14:00:33"]
[TimeControl "2700+45"]

1. d4 Nf6 2. c4 e6 3. Nc3 Bb4 4. a3 Bxc3+ 5. bxc3 b6 6. e3 Bb7 7. f3 Nc6 8. Bd3
Ba6 9. e4 Na5 10. Bg5 h6 11. Bh4 Bxc4 12. Ne2 g5 13. Bg3 Nh5 14. Bf2 Rg8 15. Rb1
Qe7 16. Bxc4 Nxc4 17. a4 d5 18. O-O Nf4 19. Nxf4 gxf4 20. exd5 O-O-O 21. Qe2 Qg5
22. Bh4 Qxh4 23. Qxc4 Rxg2+ 24. Kxg2 Rxd5 25. Kh1 a5 26. Rg1 Kd7 27. Rg2 Qh3 28.
Qe2 Rh5 29. Rb5 {Black resigns} 1-0

[Event "Team 45 45 League T55"]
[Site "Internet Chess Club"]
[Date "2012.12.09"]
[Round "4"]
[White "losscause"]
[Black "chrisgianno"]
[Result "0-1"]
[WhiteElo "1570"]
[BlackElo "1684"]
[Opening "Queen's pawn game, Krause variation"]
[ECO "D02"]
[Time "12:04:44"]
[TimeControl "2700+45"]

1. d4 d5 2. Nf3 c5 3. c3 Nc6 4. Bf4 Nf6 5. Nbd2 h6 6. Qc2 g5 7. Bg3 Nh5 8. e4
Nxg3 9. hxg3 Bg7 10. exd5 Qxd5 11. Bc4 Qf5 12. Qxf5 Bxf5 13. d5 Ne5 14. Nxe5
Bxe5 15. Bb5+ Kf8 16. O-O-O Kg7 17. Be2 b5 18. Bxb5 Rab8 19. Ba4 Rhd8 20. Nc4
Bxc3 21. Bc2 Bxc2 22. Kxc2 Bd4 23. Ne3 Rxb2+ 24. Kd3 Rxf2 {White resigns} 0-1

[Event "Team 45 45 League T55"]
[Site "Internet Chess Club"]
[Date "2012.12.08"]
[Round "4"]
[White "carokantor"]
[Black "alexping"]
[Result "0-1"]
[WhiteElo "2022"]
[BlackElo "1924"]
[Opening "French defense, Steiner variation"]
[ECO "C00"]
[Time "23:15:17"]
[TimeControl "2700+45"]

1. e4 e6 2. c4 d5 3. exd5 exd5 4. d4 Nf6 5. Nc3 Nc6 6. Nf3 Bg4 7. Be3 Bb4 8. Bd3
dxc4 9. Bxc4 Bxf3 10. gxf3 Nd5 11. Bxd5 Qxd5 12. a3 Bxc3+ 13. bxc3 Na5 14. O-O
Nc4 15. Rb1 b5 16. a4 a6 17. axb5 axb5 18. Bf4 O-O 19. Qd3 Rfe8 20. Rfe1 c6 21.
Re4 Re6 22. Rxe6 Qxe6 23. Qe4 Re8 24. Ra1 Qc8 25. Qd3 h6 26. Bg3 Qd7 27. Kg2 f5
28. h4 g5 29. hxg5 hxg5 30. Rh1 Qf7 31. Rh6 Re6 32. Rxe6 Qxe6 33. f4 Qd5+ 34. f3
g4 35. Qe2 Kf7 36. Bh4 gxf3+ 37. Qxf3 Ke6 38. Kf2 Qxf3+ 39. Kxf3 Kd5 40. Bf6 Nb6
41. Ke3 Kc4 42. Kd2 Nd5 43. Be5 Nxc3 44. Kc2 Ne2 45. d5 Kxd5 46. Kd3 Ng3 47. Kc3
c5 48. Kd3 Ne4 49. Bg7 b4 50. Be5 Nf2+ 51. Kc2 c4 52. Kd2 c3+ 53. Kc2 Kc4 54.
Kb1 Nd3 55. Bd6 b3 {White resigns} 0-1

[Event "Team 45 45 League T55"]
[Site "Internet Chess Club"]
[Date "2012.12.08"]
[Round "4"]
[White "bshribharath"]
[Black "Tobiasdelmonte"]
[Result "1-0"]
[WhiteElo "1801"]
[BlackElo "1800"]
[Opening "English: symmetrical, Benoni formation"]
[ECO "A31"]
[Time "21:19:42"]
[TimeControl "2700+45"]

1. d4 Nf6 2. c4 c5 3. Nf3 g6 4. g3 Bg7 5. Bg2 O-O 6. O-O cxd4 7. Nxd4 Nc6 8. Nc3
a6 9. c5 Qa5 10. Nb3 Qd8 11. Na4 d6 12. cxd6 exd6 13. Nc3 Be6 14. Bg5 h6 15.
Bxf6 Bxf6 16. Qd2 Bg5 17. e3 Ne5 18. Bxb7 Rb8 19. Bd5 Bh3 20. Bg2 Bxg2 21. Kxg2
Nc4 22. Qe2 Qc7 23. h4 Qc6+ 24. e4 Bd8 25. Nd5 Re8 26. Rfe1 Ne5 27. h5 Kg7 28.
hxg6 fxg6 29. Red1 Rf8 30. Nd4 Qd7 31. Rac1 Ng4 32. f3 Ne5 33. f4 Ng4 34. f5
gxf5 35. Nxf5+ Rxf5 36. Qxg4+ Bg5 37. exf5 Rxb2+ 38. Kh1 Kf8 39. Rc7 Qb5 40.
Rc8+ Kg7 41. Qd4+ Kf7 42. Rc7+ {Black resigns} 1-0

[Event "Team 45 45 League T55"]
[Site "Internet Chess Club"]
[Date "2012.12.09"]
[Round "4"]
[White "Warpdrive"]
[Black "Beetlejuice"]
[Result "1/2-1/2"]
[WhiteElo "1751"]
[BlackElo "1721"]
[Opening "Sicilian: Taimanov (Bastrikov) variation"]
[ECO "B47"]
[Time "14:13:57"]
[TimeControl "2700+45"]

1. e4 c5 2. Nf3 e6 3. d4 cxd4 4. Nxd4 Nc6 5. Nc3 Qc7 6. Be2 a6 7. a3 Nf6 8. Be3
Ne5 9. Qd2 Nc4 10. Bxc4 Qxc4 11. Qd3 Qc7 12. h3 b5 13. O-O Bb7 14. f3 h5 15.
Nce2 d5 16. exd5 Nxd5 17. Bf2 Rd8 18. Rad1 Be7 19. Bg3 Qb6 20. Kh1 Bf6 21. Bf2
Qc7 22. Bg3 Qb6 23. Bf2 Qc7 24. Bg3 {Game drawn by mutual agreement} 1/2-1/2